Map: Romanticide LE

Players

Massa

  • Race: Terran Terran
  • League: Platinum
  • Spawn Location: 5:00

knedlík - Winner!

  • Race: Terran Terran
  • League: Diamond
  • Spawn Location: 11:00

VOD

Have the link to the VOD?

Description

Time

  • Played on: Jan. 23, 2021, 5:16 a.m.
  • Length: 23:51
Show
View Real Time Build Order
Export as new Build Order

Massa Terran 

Build Orders:  

Get SALT Encoding   

  12  0:00  SCV  
  13  0:12  SCV  
  14  0:18  Supply Depot  
  14  0:25  SCV  
  15  0:39  SCV  
  15  0:42  Barracks  
  16  0:45  Refinery  
  16  0:52  SCV  
  17  1:04  SCV  
  18  1:16  SCV  
  19  1:31  Orbital Command  
  19  1:33  Barracks Reactor  
  19  1:53  Command Center  
  19  1:57  SCV  
  20  2:02  Supply Depot  
  20  2:09  Marine  
  20  2:10  Marine  
  20  2:14  SCV  
  23  2:22  Factory  
  23  2:26  SCV  
  23  2:27  Marine  
  23  2:28  Marine  
  26  2:45  Marine x2  
  28  2:55  SCV  
  29  3:03  Marine x2  
  31  3:07  SCV  
  31  3:09  Supply Depot  
  32  3:13  Orbital Command  
  32  3:19  SCV  
  32  3:31  SCV  
  32  3:33  Starport  
  33  3:34  Barracks Tech Lab  
  33  3:35  Hellion x2  
  37  3:41  SCV  
  37  3:43  SCV  
  37  3:44  Engineering Bay  
  37  3:47  Refinery  
  39  3:52  Barracks  
  39  3:53  SCV  
  40  3:56  Hellion x2  
  40  4:02  SCV  
  45  4:05  SCV  
  46  4:14  SCV  
  46  4:16  Barracks Tech Lab  
  37  4:34  Banshee  
  37  4:36  Cloaking Field  
  40  4:43  Barracks Tech Lab  
  40  4:50  Barracks  
  40  4:52  Marine x2, Barracks  
  42  4:53  Supply Depot  
  42  4:55  SCV  
  42  4:58  Command Center  
  43  5:00  Siege Tank  
  46  5:17  Supply Depot  
  43  5:26  Banshee  
  43  5:30  Marine x2  
  43  5:34  SCV x2  
  47  5:46  SCV x2  
  47  5:47  Missile Turret  
  47  5:48  Marine  
  50  5:50  Missile Turret  
  50  5:58  SCV x2  
  52  6:09  Banshee  
  52  6:10  Stimpack  
  52  6:12  SCV  
  52  6:13  SCV x2  
  55  6:19  Missile Turret  
  55  6:23  Refinery  
  55  6:25  Refinery, SCV x3  
  58  6:32  Marauder  
  60  6:33  Barracks Reactor, Barracks Tech Lab, Marine x2  
  62  6:40  SCV x3  
  62  6:43  Refinery  
  65  6:51  Marine x2  
  65  6:52  SCV x3  
  65  6:54  Marauder  
  72  7:00  Starport  
  72  7:03  Starport Reactor  
  72  7:04  SCV x3  
  75  7:09  Marine  
  76  7:16  SCV x3  
  76  7:28  SCV x2  
  78  7:41  Raven  
  78  7:43  Viking x2  
  81  7:46  Marauder x2  
  81  7:50  Planetary Fortress  
  85  7:54  Refinery  
  85  8:00  Supply Depot  
  85  8:02  Armory, Supply Depot x2  
  85  8:03  Supply Depot  
  85  8:04  Supply Depot  
  85  8:05  Supply Depot  
  85  8:07  Command Center  
  85  8:09  Sensor Tower  
  85  8:15  Sensor Tower  
  85  8:22  Medivac, Marine x2, Marauder, SCV x2  
  85  8:24  Marine x2, Siege Tank, Marauder  
  85  8:25  Supply Depot x2  
  85  8:26  Supply Depot  
  100  8:27  Supply Depot  
  100  8:28  Supply Depot x2  
  100  8:30  SCV  
  100  8:34  SCV x2  
  100  8:40  Marine x2  
  103  8:42  Marine x2  
  103  8:46  SCV  
  101  9:03  Missile Turret, Sensor Tower  
  101  9:05  Missile Turret  
  102  9:10  SCV x3  
  102  9:15  Medivac x2  
  112  9:17  Marine, Marauder x2  
  112  9:20  Terran Infantry Weapons Level 1  
  112  9:22  SCV x3  
  116  9:25  Engineering Bay  
  116  9:26  Command Center  
  116  9:34  SCV  
  117  9:42  Siege Tank  
  117  9:45  Medivac x2  
  120  9:46  Raven  
  120  9:48  Marine x2  
  120  9:50  Marine x2, Marauder x2  
  120  9:51  Combat Shield  
  134  9:53  Concussive Shells  
  134  9:55  Terran Infantry Armor Level 1  
  134  9:57  Terran Vehicle Weapons Level 1  
  134  10:02  SCV x4  
  138  10:14  SCV x4  
  140  10:16  Viking x2  
  140  10:18  Marine x3, Marauder x2  
  153  10:26  SCV  
  154  10:28  Missile Turret  
  154  10:29  Raven  
  154  10:31  Sensor Tower  
  156  10:39  Marauder  
  156  10:42  Armory  
  158  10:47  Barracks  
  158  10:48  Factory  
  158  10:52  Planetary Fortress  
  158  10:56  SCV x3  
  161  10:59  Planetary Fortress  
  161  11:05  Siege Tank  
  161  11:08  SCV x3  
  167  11:20  SCV  
  168  11:32  Terran Vehicle And Ship Armor Level 1  
  168  11:33  Terran Infantry Weapons Level 2  
  168  11:36  Barracks Tech Lab  
  168  11:38  Siege Tank  
  168  11:39  Marine x4, Marauder  
  177  11:40  Marauder  
  177  11:43  Factory Tech Lab  
  179  11:52  Refinery  
  179  11:53  Viking x2, Refinery  
  183  11:57  Marine x3  
  183  12:00  Marauder  
  188  12:01  Marauder  
  153  12:21  Marine, Marauder  
  153  12:22  Marine x3, Marauder  
  121  12:23  Marauder  
  121  12:35  Raven  
  123  12:39  Marine x4  
  123  12:42  Marauder  
  123  12:43  Marauder  
  123  12:44  Marauder  
  123  12:49  Hellion  
  120  12:57  Marine x4  
  113  13:03  Medivac x2  
  113  13:04  Marine, Marauder  
  113  13:05  Marine  
  121  13:09  Corvid Reactor  
  121  13:14  Marine  
  121  13:17  Raven  
  124  13:20  Sensor Tower  
  124  13:22  Marauder  
  124  13:23  Marauder  
  124  13:25  Marauder  
  130  13:38  Medivac x2  
  134  13:44  Marauder  
  134  13:45  Marauder  
  134  13:46  Marauder  
  140  14:00  Raven  
  142  14:05  Marauder  
  142  14:06  Marauder  
  142  14:08  Marauder  
  142  14:09  Terran Infantry Armor Level 2  
  148  14:10  Terran Infantry Weapons Level 3  
  148  14:11  Terran Vehicle And Ship Armor Level 2  
  148  14:14  Terran Vehicle Weapons Level 2, Command Center  
  148  14:25  Unknown  
  148  14:26  Command Center  
  148  14:29  Missile Turret  
  148  14:36  Sensor Tower  
  148  14:39  Marine, Marauder x3  
  148  14:40  Marine x3  
  148  14:41  Hellion  
  158  14:46  Raven  
  158  14:48  Medivac  
  162  14:57  Marine  
  162  14:58  Marine x3  
  166  15:00  Marine x2, Marauder  
  170  15:15  Marine  
  170  15:16  Marine x3  
  170  15:18  Marine x2  
  176  15:21  Marine  
  175  15:33  Marine x4  
  146  15:36  Marine x2  
  146  15:37  Siege Tank x2  
  146  15:39  Marine  
  153  15:48  Viking  
  155  15:51  Marine x4  
  155  15:53  Marine  
  155  15:54  Marine  
  155  15:56  Planetary Fortress  
  161  15:57  Marine  
  161  15:58  SCV x4  
  166  16:08  Marine  
  166  16:09  Marine, Siege Tank x2  
  166  16:10  SCV x4  
  178  16:12  Marauder x2  
  178  16:15  Marauder  
  184  16:22  SCV  
  183  16:39  Marauder x2  
  173  16:40  Marine, Marauder  
  173  16:41  Siege Tank x2  
  173  16:43  SCV  
  173  16:44  SCV x3  
  183  16:49  Marine  
  183  16:50  Marine x2  
  186  16:55  SCV  
  186  16:56  SCV x2  
  186  16:57  Marine  
  186  17:01  Marauder x3  
  191  17:07  Marine  
  191  17:08  Marine x2  
  185  17:13  Siege Tank x2  
  191  17:15  Marine  
  191  17:22  Marauder x2  
  174  17:23  Marauder  
  174  17:25  Viking x2, Medivac, Marine  
  174  17:26  Marine x2  
  178  17:33  Marine  
  174  17:43  Marine, Marauder  
  174  17:44  Marauder  
  137  17:45  Siege Tank x2  
  134  17:55  Medivac x2, Viking  
  134  18:06  Marine, Marauder  
  134  18:07  Marine x2, Marauder x2  
  141  18:16  Marine  
  141  18:17  Siege Tank  
  143  18:24  Marine x2  
  143  18:25  Viking, Marine  
  139  18:28  Viking, Marine, Marauder x2  
  139  18:29  Viking  
  139  18:34  Marine  
  148  18:36  Sensor Tower  
  148  18:37  SCV x2  
  148  18:38  SCV x2  
  153  18:42  Marine x2  
  153  18:43  Marine  
  153  18:45  Marine  
  157  18:49  SCV x2, Marauder x2  
  157  18:50  SCV x2  
  157  18:51  Marine  
  157  18:55  Viking  
  168  18:58  Viking  
  168  18:59  Viking  
  168  19:00  Marine x3  
  174  19:02  Sensor Tower  
  174  19:03  Marine  
  174  19:09  Marine  
  175  19:11  Marauder x2  
  174  19:18  Marine x3  
  174  19:22  Marauder  
  166  19:27  Marine  
  166  19:28  Siege Tank x2  
  166  19:32  Marauder x2  
  166  19:36  Marine x3  
  166  19:37  Refinery  
  173  19:43  Marauder  
  173  19:45  Marine  
  175  19:50  Command Center  
  175  19:52  Command Center  
  175  19:53  Marauder  
  175  19:54  Marauder  
  179  20:00  Terran Infantry Armor Level 3, Siege Tank x2  
  179  20:04  Marauder  
  187  20:15  Marauder  
  189  20:32  Siege Tank  
  189  20:33  Siege Tank  
  165  20:45  Marine, Marauder x3  
  150  20:54  Marine x2  
  150  20:55  Marine  
  153  21:03  Marine  
  153  21:04  Siege Tank  
  153  21:06  Marauder x3  
  162  21:12  Marine x3  
  165  21:20  Marine  
  160  21:27  Marauder  
  160  21:28  Marauder x2  
  160  21:30  Marine x3, Command Center  
  160  21:38  Marine  
  150  21:47  Marine  
  150  21:48  Marine x2  
  150  21:49  Marauder x3  
  159  21:56  Marine  
  141  22:10  Marauder  
  141  22:11  Marauder x2  
  147  22:20  Command Center  
  142  22:31  Marauder  
  142  22:38  Marauder  
  142  22:39  Marauder  
  146  22:53  Marauder  
  145  23:00  Marauder x2  
  146  23:14  Marauder  
  129  23:21  Marauder x2  
Show
View Real Time Build Order
Export as new Build Order

knedlík Terran - Winner!

Build Orders: Reaper Expand 

Get SALT Encoding   

  12  0:01  SCV  
  13  0:13  SCV  
  14  0:17  Supply Depot  
  14  0:25  SCV  
  15  0:39  SCV  
  16  0:45  Barracks  
  16  0:48  Refinery  
  16  0:51  SCV  
  17  1:03  SCV  
  18  1:15  SCV  
  19  1:32  Orbital Command  
  19  1:38  Reaper, Command Center  
  20  1:49  Supply Depot  
  20  1:57  SCV  
  21  2:09  SCV  
  21  2:10  Marine  
  21  2:14  Factory  
  23  2:15  Refinery  
  23  2:21  SCV  
  24  2:28  Marine  
  25  2:30  Bunker  
  25  2:33  SCV  
  26  2:45  SCV  
  27  2:54  SCV  
  27  2:57  SCV  
  29  3:00  Barracks  
  29  3:02  Barracks  
  29  3:03  Factory Tech Lab  
  29  3:07  SCV  
  29  3:09  SCV  
  32  3:20  Starport  
  32  3:22  SCV  
  32  3:23  Orbital Command  
  35  3:27  Siege Tank  
  35  3:34  SCV  
  36  3:35  Barracks Reactor  
  36  3:46  SCV  
  37  3:48  Barracks Tech Lab  
  37  3:53  Barracks Reactor  
  37  3:56  SCV  
  37  3:58  SCV  
  37  4:00  Starport Tech Lab  
  39  4:08  SCV  
  40  4:10  SCV  
  40  4:13  Siege Tank  
  44  4:20  SCV  
  44  4:22  SCV  
  46  4:34  Cloaking Field  
  46  4:37  Refinery  
  46  4:41  Supply Depot  
  46  4:42  Supply Depot  
  46  4:44  Supply Depot  
  46  5:01  Engineering Bay  
  46  5:03  Marine x5, SCV x2  
  53  5:07  Raven  
  53  5:08  Command Center  
  54  5:15  SCV  
  54  5:20  Marine x3  
  54  5:21  Marine x2  
  60  5:22  Barracks  
  60  5:26  Barracks  
  60  5:32  Siege Tank  
  63  5:36  Command Center  
  63  5:39  Missile Turret  
  63  5:40  Missile Turret  
  63  5:42  Missile Turret, SCV  
  64  5:50  Banshee  
  64  5:54  SCV  
  67  5:58  Missile Turret  
  63  6:06  Stimpack  
  63  6:11  Barracks Reactor  
  63  6:13  Engineering Bay  
  63  6:15  Refinery, SCV  
  63  6:17  SCV  
  65  6:27  SCV  
  65  6:30  Barracks Reactor  
  65  6:31  Marine x2  
  65  6:32  Marine x2  
  70  6:37  Supply Depot  
  70  6:40  Supply Depot  
  70  6:47  Marine, Banshee, SCV x2  
  70  6:49  Marine  
  70  6:51  Terran Infantry Armor Level 1, Terran Infantry Weapons Level 1  
  77  6:54  Marine x3  
  77  7:00  SCV x2  
  77  7:01  SCV  
  83  7:09  Sensor Tower  
  83  7:12  SCV x2  
  83  7:13  SCV  
  85  7:24  SCV  
  82  7:40  Marine  
  82  7:41  Marine x4  
  82  7:43  Missile Turret  
  86  7:46  Marine x3  
  89  7:59  Medivac  
  89  8:00  Factory  
  89  8:01  Marine  
  89  8:02  Factory  
  89  8:03  Starport  
  92  8:06  Armory  
  92  8:10  Missile Turret  
  92  8:11  SCV x2  
  92  8:12  SCV  
  95  8:17  Refinery  
  95  8:18  Supply Depot  
  95  8:21  Supply Depot  
  95  8:23  Marine  
  95  8:24  Marine x2, SCV x2  
  95  8:26  Marine  
  95  8:27  Orbital Command  
  101  8:39  Marine x3  
  101  8:40  Medivac  
  106  8:42  Refinery  
  106  8:43  Supply Depot  
  103  8:58  Marine x5  
  103  9:00  SCV  
  103  9:01  SCV x2  
  111  9:05  Factory Tech Lab  
  111  9:06  Factory Tech Lab  
  111  9:12  SCV  
  111  9:13  SCV x2  
  114  9:23  Command Center  
  114  9:24  Supply Depot  
  114  9:25  SCV x3  
  114  9:28  Terran Vehicle Weapons Level 1  
  114  9:30  Sensor Tower  
  114  9:31  Siege Tank x2  
  123  9:37  SCV  
  123  9:38  Siege Tank  
  127  9:48  Supply Depot  
  127  9:49  SCV  
  128  9:57  Combat Shield  
  128  9:58  Terran Infantry Weapons Level 2  
  128  9:59  Terran Infantry Armor Level 2  
  128  10:03  Siege Tank x2, Supply Depot  
  128  10:04  Supply Depot  
  134  10:08  Starport Reactor  
  134  10:10  Barracks  
  134  10:13  Barracks  
  134  10:37  Orbital Command  
  134  10:42  Missile Turret  
  134  10:45  Missile Turret, Command Center  
  134  10:46  Siege Tank x3  
  134  10:48  Marine x2  
  134  10:49  Missile Turret  
  145  10:52  Factory  
  147  11:00  Medivac  
  147  11:01  Medivac x2  
  147  11:03  Missile Turret, SCV  
  152  11:23  Marine  
  152  11:24  Marine x4  
  157  11:44  Siege Tank x2  
  157  11:45  Siege Tank  
  158  12:16  Siege Tank  
  154  12:24  Terran Infantry Weapons Level 3  
  154  12:25  Terran Infantry Armor Level 3  
  154  12:26  Barracks Reactor x2  
  141  12:50  Marine x2  
  141  12:51  Marine x7  
  150  12:53  Liberator x2  
  150  12:54  Viking  
  158  13:04  Planetary Fortress  
  158  13:06  SCV x4  
  158  13:08  Marine x3, Siege Tank x2  
  158  13:09  Siege Tank  
  174  13:18  SCV x2  
  176  13:24  Viking  
  178  13:35  Command Center  
  178  13:36  Viking x2, Terran Vehicle Weapons Level 2  
  182  13:42  Marine x6  
  182  13:43  Marine x2, Refinery  
  182  13:46  Refinery  
  190  13:54  Raven  
  192  13:57  Sensor Tower  
  192  14:00  Command Center  
  192  14:02  Command Center  
  192  14:06  Viking, Missile Turret  
  192  14:07  Missile Turret  
  192  14:08  Missile Turret  
  193  14:17  Missile Turret  
  193  14:38  Missile Turret  
  193  14:50  Supply Depot  
  193  14:51  Orbital Command, Supply Depot  
  193  15:04  Command Center  
  169  15:39  Viking x3  
  174  15:50  Marine  
  174  15:51  Marine x2  
  174  15:55  Refinery  
  177  16:04  Orbital Command  
  177  16:11  Orbital Command  
  177  16:13  Command Center  
  177  16:17  Command Center  
  167  17:15  Siege Tank x3  
  146  17:33  Marine x12  
  146  17:34  Marine  
  153  17:47  Siege Tank x2  
  153  17:50  Marine  
  157  17:51  Marine x5  
  157  17:54  Orbital Command  
  162  18:02  Siege Tank  
  162  18:03  Barracks  
  162  18:05  Barracks  
  165  18:07  Barracks  
  163  18:14  Factory  
  163  18:15  Factory  
  163  18:19  Siege Tank  
  159  18:31  Marine  
  159  18:32  Marine x8  
  159  18:33  Siege Tank  
  171  18:34  Siege Tank  
  171  18:36  Marine x2  
  171  18:37  Marine  
  177  18:42  Marine  
  178  18:49  Marine  
  178  18:51  Siege Tank  
  176  19:10  Barracks Reactor x2  
  176  19:12  Factory Tech Lab x2  
  176  19:14  Siege Tank x2  
  182  19:17  Barracks Reactor  
  117  19:32  Marine  
  117  19:33  Marine x12  
  128  19:49  Siege Tank  
  128  19:50  Marine x4, Siege Tank x4  
  128  19:51  Marine x13  
  160  19:55  Unknown  
  160  19:57  Orbital Command  
  160  20:03  Marine  
  160  20:04  Marine  
  162  20:08  Marine x5  
  162  20:09  Marine x4  
  171  20:19  Marine  
  171  20:20  Medivac, Marine x2  
  171  20:21  Medivac x2  
  164  20:39  Marine x4  
  163  20:49  Marine  
  160  20:50  Medivac, Marine x13  
  176  21:11  Medivac x2  
  180  21:20  Starport x2  
  164  21:36  Marine x10  
  164  21:37  Medivac  
  174  21:41  Medivac  
  176  22:01  Marine  
  176  22:02  Marine x2  
  175  22:23  Orbital Command  
  175  22:28  Marine  
  175  22:31  Barracks Reactor  
  175  22:53  Command Center  
  162  23:18  Marine x5  
  162  23:19  Siege Tank  
Tags
 
Matchup
TvT
Race
Terran
Replay Pack
Multiplayer
Spawn Locations
Cross Positions
Add a new tag
Caveats
  • Supply blocks, unpowered buildings, or Contaminate may cause inaccurate times.
  • Supply counts are checked every 10 seconds.